 Dungeon Crawl Stone Soup version 0.25.1-2-g60ff931df9 (webtiles) character file.

Game seed: 1818377451083207227

18393 HawFromDerth the Severer (level 12, -13/113 HPs)
             Began as a Hill Orc Berserker on Sept 25, 2020.
             Was an Elder of Trog.
             Engulfed by a blizzard demon's freezing vapour (27 damage)
             ... on level 14 of the Dungeon.
             The game lasted 00:45:27 (20165 turns).

HawFromDerth the Severer (Hill Orc Berserker)      Turns: 20165, Time: 00:45:27

Health: -13/113    AC: 22    Str: 25    XL:     12   Next: 58%
Magic:  12/12      EV: 10    Int:  7    God:    Trog [****..]
Gold:   1053       SH:  0    Dex: 10    Spells: 11/11 levels left

rFire    . . .     SeeInvis .   J - +0 war axe
rCold    . . .     Gourm    .   (no shield)
rNeg     + . .     Faith    .   g - +1 plate armour
rPois    +         Spirit   .   (no helmet)
rElec    .         Reflect  .   b - +2 cloak {rPois}
rCorr    .         Harm     .   (no gloves)
MR       .....     Clarity  +   t - +0 pair of boots
Stlth    ..........             (no amulet)
HPRegen  0.28/turn              d - ring of poison resistance
MPRegen  0.13/turn              v - ring of positive energy

@: about to teleport, berserk cooldown, slowed, very slow
A: repulsion field 1, clarity
a: Berserk, Trog's Hand, Brothers in Arms, Renounce Religion


You were on level 14 of the Dungeon.
You worshipped Trog.
Trog was greatly pleased with you.
You were hungry.

You visited 1 branch of the dungeon, and saw 14 of its levels.

You collected 1053 gold pieces.

Inventory:

Hand Weapons
 a - a +1 hand axe
 j - a +0 broad axe
 J - a +0 war axe (weapon)
 K - a +2 whip of distortion
Armour
 b - a +2 cloak of poison resistance (worn)
 g - a +1 plate armour (worn)
 t - a +0 pair of boots (worn)
 u - a +2 cloak
 z - a +2 scale mail of fire resistance
Jewellery
 d - a ring of poison resistance (left hand)
 p - an uncursed ring of stealth
 q - an uncursed ring of flight
 v - a ring of positive energy (right hand)
 w - a cursed ring of attention {unknown}
 C - a cursed -4 ring of dexterity {unknown}
 E - a cursed ring of attention {unknown}
 H - a cursed ring of teleportation {unknown}
 I - a cursed ring of attention {unknown}
 M - an uncursed ring of wizardry {unknown}
Wands
 o - a wand of acid (17)
 D - a wand of disintegration (22)
 L - a wand of enslavement (8)
 N - a wand of flame (22)
Scrolls
 e - 3 scrolls of identify
 f - 12 scrolls of remove curse
 i - 2 scrolls of enchant weapon
 l - 2 scrolls of fog
 m - 5 scrolls of teleportation
 s - 2 scrolls of enchant armour
 y - a scroll of immolation
 A - 3 scrolls of amnesia
 F - a scroll of torment
 G - a scroll of holy word
Potions
 k - a potion of flight
 n - 3 potions of lignification
 r - 2 potions of degeneration
 x - 2 potions of might
 B - a potion of mutation
Comestibles
 P - a ration


   Skills:
 + Level 12.4 Fighting
 + Level 15.9 Axes
 + Level 12.9 Armour
 + Level 2.7 Dodging
 + Level 0.8 Stealth


You had 11 spell levels left.
You didn't know any spells.
Your spell library was empty.

Dungeon Overview and Level Annotations

Branches:
Dungeon (14/15)            Temple (0/1) D:7            Lair (0/6) D:9
    Orc (0/2) D:12
 Vaults: D:13-14

Altars:
Ashenzari
Cheibriados
Fedhas
Gozag
Kikubaaqudgha
Makhleb
Nemelex Xobeh
Okawaru
Qazlal
Ru
Trog
Vehumet
Yredelemnul
Zin
The Shining One
Beogh

Shops:
D:5 :

Portals:
Abyss: D:8

Annotations:
D:4 1 runed translucent door
D:7 1 runed translucent door, kalagan's ghost, novice GrFi
D:8 1 runed translucent door
D:9 exclusion: statue


Innate Abilities, Weirdness & Mutations

You are surrounded by a mild repulsion field. (EV +2)
You possess an exceptional clarity of mind.


Message History

You feel a strong urge to attack something.
You are no longer berserk.
You are exhausted.
You feel yourself slow down.
The blizzard demon is engulfed in freezing vapours.
The blizzard demon gestures at you. The bolt of lightning misses you.
The blizzard demon is engulfed in freezing vapours.
The blizzard demon gestures at you. The freezing blast engulfs you!!
* * * LOW HITPOINT WARNING * * *
As you read the scroll of teleportation, it crumbles to dust.
You feel strangely unstable.
You are engulfed in freezing vapours.
* * * LOW HITPOINT WARNING * * *
The blizzard demon is engulfed in freezing vapours.
The blizzard demon gestures at you. The freezing blast engulfs you.
* * * LOW HITPOINT WARNING * * *
You feel better.
You are engulfed in freezing vapours.
You die...

.. #.# $# #.# .#
#.# .# #.####.#
######☼##°..#
#...°☼☼##§○.#####.
#.#..○○☼☼°........
#.#..○@2###'''###.
.#..○°○##..k2...#
#.#..°.#.........#
#.#...##.....Z....
#.#...#...####....
#.#..##.[## ##..
#.#>.#..# #.
#.##.#..#
#....#kk#


You could see a blizzard demon.

Vanquished Creatures
  A death yak (D:9)
  An ugly thing (D:12)
  3 orc knights (D:12)
  A cyclops (D:13)
  A manticore (D:12)
  A gargoyle (D:10)
  A rime drake (D:14)
  3 ice devils (D:14)
  A troll (D:13)
  A wolf spider simulacrum (D:14)
  3 hippogriffs
  A spriggan (D:7)
  2 shadows
  A centaur simulacrum (D:14)
  20 yaks
  4 hungry ghosts
  2 basilisks
  3 soldier ants (D:8)
  3 phantoms
  2 sky beasts (D:5)
  A black bear (D:11)
  A meliai simulacrum (D:14)
  A necrophage (D:9)
  7 orc warriors
  4 ice beasts
  5 centaurs
  3 ogres
  3 crocodiles
  3 big kobolds
  7 bullfrogs
  A wyvern zombie (D:7)
  3 scorpions
  A water moccasin skeleton (D:9)
  A hornet simulacrum (D:14)
  2 wyvern skeletons
  11 killer bees
  6 wights
  3 electric eels (D:10)
  5 howler monkeys
  A centaur zombie (D:5)
  A crimson imp (D:8)
  5 hounds
  2 bullfrog zombies (D:5)
  4 orc wizards
  Crazy Yiuf (D:2)
  5 bullfrog skeletons
  12 orc priests
  A gnoll shaman (D:7)
  3 iguanas
  3 jellies
  Terence (D:3)
  Jessica (D:3)
  A centaur skeleton (D:4)
  7 worker ants
  Robin (D:2)
  2 gnolls (D:7)
  12 adders
  A shadow imp (D:12)
  3 oozes
  An adder skeleton (D:4)
  5 worms
  5 dart slugs
  6 leopard geckos
  57 orcs
  7 giant cockroaches
  7 hobgoblins
  19 jackals
  5 quokkas
  A ball python (D:5)
  6 bats
  8 frilled lizards
  19 goblins
  A jackal skeleton (D:7)
  20 kobolds
  A quokka zombie (D:7)
  9 rats
  A plant (D:9)
368 creatures vanquished.

Vanquished Creatures (collateral kills)
  A hydra (D:13)
  An ugly thing (D:11)
  A manticore (D:11)
  A toenail golem (D:8)
  A rime drake (D:14)
  A hippogriff (D:8)
  6 yaks (D:10)
  An acid dragon (D:12)
  2 soldier ants (D:8)
  2 water moccasins (D:8)
  An orc warrior (D:9)
  The ghost of DildoBatman the Magician, an amateur FoWz (D:8)
  A big kobold (D:8)
  A killer bee (D:8)
  2 electric eels (D:10)
  A hound (D:13)
  2 orc priests (D:8)
  2 orc wizards
  3 small abominations (D:8)
  7 gnolls (D:7)
  An orc (D:9)
  2 jackals (D:8)
41 creatures vanquished.

Vanquished Creatures (others)
  5 toadstools (D:10)
  A withered plant (D:7)
6 creatures vanquished.

Grand Total: 415 creatures vanquished

Notes
Turn   | Place    | Note
-------+----------+-------------------------------------------
     0 | D:1      | HawFromDerth the Hill Orc Berserker began the quest for the
                  | Orb.
     0 | D:1      | Reached XP level 1. HP: 19/19 MP: 1/1
   207 | D:1      | Reached XP level 2. HP: 16/27 MP: 2/2
   721 | D:1      | Reached XP level 3. HP: 31/33 MP: 3/3
  1308 | D:2      | Reached ** piety under Trog
  1317 | D:2      | Found a sparkling altar of Nemelex Xobeh.
  1525 | D:2      | Reached skill level 5 in Axes
  1615 | D:2      | Reached XP level 4. HP: 41/41 MP: 4/4
  1799 | D:2      | Found a runed translucent door.
  1800 | D:2      | Noticed Crazy Yiuf
  1933 | D:2      | Found a basalt altar of Yredelemnul.
  1960 | D:2      | Found an ancient bone altar of Kikubaaqudgha.
  1960 | D:2      | Found a stormy altar of Qazlal.
  1960 | D:2      | Found a bloodstained altar of Trog.
  1970 | D:2      | Noticed Robin
  2012 | D:2      | Killed Robin
  2403 | D:2      | Killed Crazy Yiuf
  2403 | D:2      | Reached skill level 6 in Axes
  2403 | D:2      | Reached XP level 5. HP: 47/47 MP: 5/5
  2677 | D:3      | Reached *** piety under Trog
  2739 | D:3      | Noticed Jessica
  2762 | D:3      | Killed Jessica
  3046 | D:3      | Reached skill level 5 in Fighting
  3046 | D:3      | Reached XP level 6. HP: 44/56 MP: 6/6
  3222 | D:3      | Found a burning altar of Makhleb.
  3416 | D:3      | Noticed Terence
  3428 | D:3      | Killed Terence
  3635 | D:3      | Found a blossoming altar of Fedhas.
  3808 | D:3      | Found a glowing silver altar of Zin.
  3860 | D:4      | Noticed a phantom
  3899 | D:4      | Killed a phantom
  3899 | D:4      | Reached skill level 7 in Axes
  4005 | D:4      | Found a glowing golden altar of the Shining One.
  4005 | D:4      | Noticed an angel
  4006 | D:4      | Found a runed translucent door.
  4067 | D:4      | Noticed a phantom
  4106 | D:4      | Killed a phantom
  4106 | D:4      | Reached skill level 8 in Axes
  4106 | D:4      | Reached XP level 7. HP: 56/61 MP: 7/7
  4546 | D:5      | Entered Level 5 of the Dungeon
  4557 | D:5      | Reached skill level 9 in Axes
  4709 | D:5      | Reached **** piety under Trog
  4964 | D:5      | Found a shattered altar of Ashenzari.
  5090 | D:5      | Reached XP level 8. HP: 69/70 MP: 8/8
  5272 | D:5      | Found Ahaxt's Book Boutique.
  5302 | D:5      | Reached skill level 10 in Axes
  6228 | D:7      | Noticed a spriggan baker
  6238 | D:7      | Killed a spriggan baker
  6238 | D:7      | Reached skill level 5 in Armour
  6304 | D:7      | Reached skill level 11 in Axes
  6562 | D:7      | Reached XP level 9. HP: 47/79 MP: 9/9
  6717 | D:7      | Found an iron altar of Okawaru.
  6783 | D:7      | Found a staircase to the Ecumenical Temple.
  7128 | D:7      | Found a runed translucent door.
  7128 | D:7      | Noticed kalagan's ghost (novice GrFi)
  7335 | D:7      | Found an opulent altar of Gozag.
  7456 | D:8      | Reached skill level 12 in Axes
  8146 | D:8      | Found a sacrificial altar of Ru.
  8587 | D:8      | Noticed DildoBatman's ghost (amateur FoWz)
  8686 | D:8      | Found a runed translucent gate.
  8688 | D:8      | Found a transporter.
  8688 | D:8      | Found a runed translucent gate.
  8689 | D:8      | Found a runed translucent gate.
  8690 | D:8      | Noticed a toenail golem
  8703 | D:8      | Killed a toenail golem
  8704 | D:8      | Reached XP level 10. HP: 90/90 MP: 10/10
  8713 | D:8      | Reached skill level 13 in Axes
  8733 | D:8      | Killed DildoBatman's ghost
  9065 | D:8      | Found a transporter.
  9067 | D:8      | Found a one-way gate to the infinite horrors of the Abyss.
  9105 | D:8      | Found a runed translucent door.
  9116 | D:8      | Found the +9 staff of Olgreb {rPois∞}
  9291 | D:8      | Found a runed translucent door.
  9675 | D:9      | Noticed a death yak
  9676 | D:9      | Found a staircase to the Lair.
  9699 | D:9      | Killed a death yak
  9699 | D:9      | Reached skill level 10 in Fighting
  9702 | D:9      | Reached skill level 14 in Axes
 10676 | D:9      | Found a snail-covered altar of Cheibriados.
 10703 | D:9      | Reached XP level 11. HP: 93/98 MP: 11/11
 11216 | D:9      | Found a radiant altar of Vehumet.
 11291 | D:10     | Entered Level 10 of the Dungeon
 11409 | D:10     | HP: 1/100 [electric eel/bolt of electricity (11)]
 11920 | D:10     | Gained mutation: You possess an exceptional clarity of
                  | mind. [potion of mutation]
 11920 | D:10     | Gained mutation: You are surrounded by a mild repulsion
                  | field. (EV +2) [potion of mutation]
 12665 | D:10     | Reached skill level 10 in Armour
 14020 | D:11     | Reached skill level 15 in Axes
 14583 | D:11     | Noticed a brown ugly thing
 14583 | D:11     | Noticed a manticore
 14596 | D:11     | Killed a manticore
 14601 | D:11     | Killed a brown ugly thing
 15719 | D:11     | Found a blossoming altar of Fedhas.
 16222 | D:12     | Noticed a manticore
 16251 | D:12     | Killed a manticore
 16263 | D:12     | Found a burning altar of Makhleb.
 16272 | D:12     | Noticed an orc knight
 16817 | D:12     | Noticed an orc knight
 16840 | D:12     | Killed an orc knight
 17638 | D:12     | Noticed an orc knight
 17663 | D:12     | Killed an orc knight
 17663 | D:12     | Reached XP level 12. HP: 110/110 MP: 12/12
 18025 | D:12     | Found a roughly hewn altar of Beogh.
 18025 | D:12     | Found a staircase to the Orcish Mines.
 19090 | D:13     | Found a snail-covered altar of Cheibriados.
 19403 | D:13     | Noticed a five-headed hydra
 19409 | D:13     | Killed a five-headed hydra
 20077 | D:14     | Noticed a blizzard demon
 20105 | D:14     | Found a runed translucent gate.
 20105 | D:14     | Found a runed translucent gate.
 20105 | D:14     | Found a runed translucent gate.
 20165 | D:14     | Engulfed by a blizzard demon's freezing vapour

Illustrated notes

Levels and vault maps discovered:
D:1:      grunt_arrival_lava_bath, layout_loops_cross, fountainhead,
          chequers_mini_garden
D:2:      kennysheep_six_static_rooms, layout_loops_ring, lemuel_crystal_altar,
          chequers_temple_overflow_statue_of_worship, first_ration,
          nemelex_dance_club_becter, uniq_crazy_yiuf_cottage, uniq_robin
D:3:      layout_basic, zin_statuary, lemuel_coloured_pillars_altar,
          marbit_many_paths, chequers_serial_rivers_micro_d, hex_large,
          uniq_jessica, uniq_terence
D:4:      layout_cave_pools, lemuel_angel_altar
D:5:      layout_rooms, lemuel_crystal_altar, serial_shops, shop_statue,
          minmay_misc_feat_hallway
D:6:      layout_loops_ring
D:7:      layout_loops_ring, overflow_temple_1_default,
          nicolae_gozag_seed_capital, minmay_temple_entry_ruins,
          gammafunk_ghost_grave, hangedman_decor_peaks_small, the_bakery
D:8:      layout_rooms, nicolae_ru_awakened_eye, gammafunk_ghost_abyssal_escape,
          minmay_guarded_unrand_staff_of_olgreb
D:9:      layout_loops_ring, cheibrodos_worm_habitat, vehumet_statue,
          david_lair_generic
D:10:     argonaut_augean_stables, layout_basic, minmay_gold_behind_fungi
D:11:     layout_roguey, basic_altar
D:12:     layout_stronghold, david_orc_5, serial_column_ruins,
          column_ruins_hut_pillars, column_ruins_open_tiny_water,
          column_ruins_corridor_corner, column_ruins_columns_straight,
          column_ruins_corridor_T, st_stairs_6, minmay_ruined_shrine
D:13:     layout_roguey, basic_altar
D:14:     layout_loops_ring, david_vaults_2, gammafunk_ghost_icy,
          minmay_misc_feat_secret_circle, uniq_nessos

Skill      XL: |  1  2  3  4  5  6  7  8  9 10 11 12 |
---------------+-------------------------------------+-----
Fighting       | 4 5 6 7 8 10 11 12 | 12.4
Axes           | 5 6 8 9 11 12 14 15 | 15.9
Armour         | 3 4 5 7 9 12 | 12.9
Dodging        | 2 |  2.7
Stealth        | |  0.8

Action                   |  1- 3 |  4- 6 |  7- 9 | 10-12 || total
-------------------------+-------+-------+-------+-------++-------
Melee: Hand axe          |   138 |   277 |   409 |   709 ||  1533
       War axe           |       |       |       |   126 ||   126
       Broad axe         |       |       |       |    88 ||    88
Invok: Brothers in Arms  |       |       |     4 |    11 ||    15
       Berserk           |       |       |       |     7 ||     7
       Trog's Hand       |       |       |       |     2 ||     2
  Use: Scroll            |     5 |       |       |    16 ||    21
       Potion            |       |       |       |    19 ||    19
  Eat: Chunk             |     2 |     3 |     8 |     8 ||    21
       Ration            |       |     2 |     3 |    18 ||    23
Armor: Animal skin       |     1 |       |       |       ||     1
       Ring mail         |    29 |       |       |       ||    29
       Plate armour      |    34 |   158 |   243 |   454 ||   889
Dodge: Dodged            |    85 |    83 |   140 |   312 ||   620
